 Dungeon Crawl Stone Soup version 0.18-b1-22-ge198996 (webtiles) character file.

86 dwasdwasdwas the Ducker (level 4, 0/34 HPs)
             Began as a Demonspawn Gladiator on May 4, 2016.
             Was an Initiate of Gozag.
             Slain by a vampire bat (3 damage)
             ... on level 3 of the Dungeon.
             The game lasted 00:04:21 (2044 turns).

dwasdwasdwas the Ducker (Demonspawn Gladiator)      Turns: 2044, Time: 00:04:22

Health: 0/34       AC:  4    Str: 15    XL:     4   Next: 26%
Magic:  4/4        EV: 13    Int: 14    God:    Gozag
Gold:   192        SH:  0    Dex: 15    Spells: 0 memorised, 3 levels left

rFire  . . .     SeeInvis .     a - +0 trident
rCold  . . .     Gourm    .     b - +0 leather armour
rNeg   . . .     Faith    .     (no shield)
rPois  .         Spirit   .     c - +0 helmet
rElec  .         Dismiss  .     (no cloak)
rCorr  .         Reflect  .     (no gloves)
SustAt .         Harm     .     (no boots)
MR     .....                    (no amulet)
Stlth  +.........               (no ring)
                                (no ring)

@: brilliant, very slightly contaminated, invisible, not resistant to hostile
enchantments, very unstealthy
A: rot immunity
a: Potion Petition, Call Merchant, Bribe Branch, Renounce Religion


You were on level 3 of the Dungeon.
You worshipped Gozag.
Gozag was noncommittal.
You were hungry.

You visited 1 branch of the dungeon, and saw 3 of its levels.

You collected 235 gold pieces.
You paid 43 gold pieces to Gozag.

Inventory:

Hand Weapons
 a - a +0 trident (weapon)
Missiles
 d - 3 throwing nets (quivered)
Armour
 b - a +0 leather armour (worn)
 c - a +0 helmet (worn)
Jewellery
 l - an uncursed ring of flight {unknown}
Scrolls
 j - 3 scrolls of teleportation {unknown}
 k - 2 scrolls of amnesia {unknown}
 m - a scroll of immolation {unknown}
Comestibles
 f - 4 bread rations
 h - a slice of pizza
 i - 2 meat rations


   Skills:
 + Level 2.4 Fighting
 + Level 3.2 Polearms
 + Level 2.0 Throwing
 + Level 1.1 Armour
 + Level 3.5 Dodging
 + Level 0.4 Stealth


You had 3 spell levels left.
You didn't know any spells.

Dungeon Overview and Level Annotations

Branches:
Dungeon (3/15)

Altars:
Gozag
Kikubaaqudgha
Zin


Innate Abilities, Weirdness & Mutations

You are immune to rotting.


Message History

The vampire bat barely misses you.
You are too injured to fight recklessly!
You miss the vampire bat. The vampire bat closely misses you.
The vampire bat barely misses you.
There is an open gate here.
You miss the vampire bat.
The vampire bat bites you but does no damage.
You are too injured to fight recklessly!
The vampire bat closely misses you.
The vampire bat bites you but does no damage.
The vampire bat bites you but does no damage.
The vampire bat bites you.
* * * LOW HITPOINT WARNING * * *
The vampire bat barely misses you. x2
You miss the vampire bat. The vampire bat barely misses you.
The vampire bat bites you but does no damage.
The vampire bat misses you.
You barely miss the vampire bat. The vampire bat bites you.
You die...
Your body crumbles into a pile of gold.

####### #. #.#.#$######
##.# ⌠.#$⌠.#...###..
#.#.#.#.#.#.##.#
#.⌠$#.⌠.#.⌠.#.# #
.⌠.#.#$#.#.#..'.# # .# . _
..#.⌠.#.⌠.#.'.# .# ##.#.#
.⌠.#.#.#.#.#..'b##.# ....#
..#.⌠.#.⌠.#.⌠.##@..# #.#.#
.#.#.#.#.#.#.###.#####....#
#.⌠.#.⌠.#...###..<.....#
##.#.#.###### #..####.##
###### #..# #.## #..###..##
#..#..#..#...
#..#.#.##...... #..#.#.#
##.##.


You could see a vampire bat.

Vanquished Creatures
  A vampire bat (D:3)
  An ooze (D:1)
  A worm (D:2)
  2 giant geckos
  An orc (D:3)
  A bat (D:2)
  4 bat skeletons (D:3)
  3 bat zombies (D:3)
  6 goblins (D:1)
  3 hobgoblins
  A quokka (D:2)
  5 giant newts
  2 kobolds (D:1)
  4 rats
  A fungus (D:1)
36 creatures vanquished.

Notes
Turn   | Place    | Note
--------------------------------------------------------------
     0 | D:1      | dwasdwasdwas the Demonspawn Gladiator began the quest for the Orb.
     0 | D:1      | Reached XP level 1. HP: 16/16 MP: 1/1
   540 | D:1      | Gained mutation: You are immune to rotting. [demonic ancestry]
   540 | D:1      | Reached XP level 2. HP: 22/22 MP: 2/2
  1415 | D:2      | Reached XP level 3. HP: 15/27 MP: 3/3
  1607 | D:2      | Found an opulent altar of Gozag.
  1609 | D:2      | Found a glowing silver altar of Zin.
  1623 | D:2      | Became a worshipper of Gozag Ym Sagoz the Greedy
  1997 | D:3      | Found an ancient bone altar of Kikubaaqudgha.
  2020 | D:3      | Reached skill level 1 in Armour
  2020 | D:3      | Reached XP level 4. HP: 11/34 MP: 4/4
  2044 | D:3      | Slain by a vampire bat

Skill      XL: |  1  2  3 |
---------------+----------+-----
Dodging        | 3 |  3.5
Throwing       | 2 |  2.0
Polearms       | 3 |  3.2
Armour         | 1 |  1.1
Fighting       | |  2.4
Stealth        | |  0.4

Action                   |  1- 3 |  4- 6 || total
-------------------------+-------+-------++-------
Melee: Trident           |   147 |     8 ||   155
  Use: Scroll            |     2 |       ||     2
       Potion            |       |     2 ||     2
 Stab: Sleeping          |     1 |       ||     1
  Eat: Chunk             |     3 |       ||     3
Armor: Leather armour    |    35 |     6 ||    41
Dodge: Dodged            |    90 |    18 ||   108
